cohdb
Replays
Latest Replays
All Replays
Popular Replays
Top Player Replays
Match Explorer
How It Works
Community
CoH3 Stats
Reddit
Sign in to upload your games and track your stats! →
Sign in with Steam
Match 46842129
Unlisted
Match 46842129
Overview
Messages
Build Orders
End
Construct Section Command Post
Vickers Machine Gun Team
Infantry Section
Infantry Section
ML 3-inch Mortar Team
Infantry Section
Construct Field Infirmary
Grenade Package
Construct Platoon Command Post
6-pounder Anti-tank Gun Team
Construct Company Command Post
Matilda II Heavy Tank
Matilda II Heavy Tank
Armored Vehicle Training
Kenan
DonaldCrump
magazinwastaken
nicolasgps
6block
DrayNorton
Milliam
WARlordS
0
0
Comments
sign in to comment!
No comments posted yet!